 Dungeon Crawl Stone Soup version 0.18.1-50-g88ac8fd (webtiles) character file.

60 magog001 the Vandal (level 4, 0/29 HPs)
             Began as a Halfling Hunter on May 26, 2017.
             Slain by a giant gecko (2 damage)
             ... on level 2 of the Dungeon.
             The game lasted 00:06:32 (1359 turns).

magog001 the Vandal (Halfling Hunter)               Turns: 1359, Time: 00:06:33

Health: 0/29       AC:  6    Str: 13    XL:     4   Next: 25%
Magic:  4/4        EV: 14    Int: 10    God:
Gold:   70         SH:  0    Dex: 14    Spells: 0 memorised, 3 levels left

rFire  . . .     SeeInvis .     a - +1 hunting sling
rCold  . . .     Gourm    .     c - +0 leather armour
rNeg   . . .     Faith    .     (shield restricted)
rPois  .         Spirit   .     q - +0 helmet
rElec  .         Dismiss  .     (no cloak)
rCorr  .         Reflect  .     h - +1 pair of gloves
SustAt .         Harm     .     (no boots)
MR     .....                    (no amulet)
Stlth  ++........               (no ring)
                                (no ring)

@: exhausted, slowed, very slow, not resistant to hostile enchantments,
unstealthy
A: mutation resistance 1
a: no special abilities


You were on level 2 of the Dungeon.
You were hungry.

You visited 1 branch of the dungeon, and saw 2 of its levels.

You collected 70 gold pieces.

Inventory:

Hand Weapons
 a - a +1 hunting sling (weapon)
 b - a +0 short sword
 i - a cursed -2 dagger
Missiles
 d - 33 sling bullets (quivered)
 e - 50 stones
Armour
 c - a +0 leather armour (worn)
 h - a +1 pair of gloves (worn)
 q - a +0 helmet (worn)
 s - a +0 ring mail
Jewellery
 l - a +3 ring of dexterity {unknown}
Scrolls
 g - 2 scrolls of teleportation {unknown}
 j - a scroll of blinking {unknown}
 m - 3 scrolls of identify {unknown}
 r - a scroll of recharging {unknown}
Potions
 k - a potion of might {unknown}
 n - a potion of berserk rage
 o - a potion of curing {unknown}
Comestibles
 f - a bread ration
 p - a chunk of flesh


   Skills:
 + Level 1.7 Fighting
 * Level 7.5 Slings
 + Level 0.4 Armour
 * Level 2.3 Dodging
 * Level 1.9 Stealth


You had 3 spell levels left.
You didn't know any spells.

Dungeon Overview and Level Annotations

Branches:
Dungeon (2/15)

Altars:

Annotations:
D:2 Terence


Innate Abilities, Weirdness & Mutations

You are small and have problems with some larger weapons.
You are somewhat resistant to further mutation.


Message History

It was a potion of berserk rage.
A red film seems to cover your vision as you go berserk!
You feel yourself moving faster!
You feel mighty!
You feel a strong urge to attack something.
Terence zaps a wand.
The puff of flame misses you.
A giant gecko comes into view.
You feel your anger subside.
You are no longer berserk.
You are exhausted.
You feel yourself slow down.
You are feeling hungry.
The giant gecko barely misses you. The giant gecko completely misses you.
The giant gecko closely misses you. The giant gecko closely misses you.
The giant newt barely misses you. The giant gecko bites you.
* * * LOW HITPOINT WARNING * * *
The giant newt hisses menacingly.
The giant gecko barely misses you. The giant newt barely misses you.
The giant gecko bites you.
You die...

......# #........##.#..###
......# #........##.......
...#.## #.........@...#.##
####.# #.....#.#.#..>....
####.####### #.....#.#.#.#.#.##
............ #..@....#.#.#.#.#
####.####### #...#####.#.#.# #
............ #ll.#####.#.#.#
####.####### #@..#.....#.#
####.###########..##..##..## #
..................#........#.#
####.....########............##
#...............รท...........
#.....########.#....>...###.
#........... #.#........##
#......##### #.....).....#
#......# #...........#


You could see Terence, a giant gecko and a giant newt.

Vanquished Creatures
  Jessica (D:2)
  2 adders (D:2)
  2 goblins (D:1)
  2 hobgoblins
  2 jackals (D:1)
  A quokka (D:2)
  A ball python (D:1)
  A giant newt (D:2)
  2 kobolds
  4 rats
18 creatures vanquished.

Notes
Turn   | Place    | Note
--------------------------------------------------------------
     0 | D:1      | magog001 the Halfling Hunter began the quest for the Orb.
     0 | D:1      | Reached XP level 1. HP: 14/14 MP: 1/1
   106 | D:1      | Reached skill level 6 in Slings
   244 | D:1      | Reached XP level 2. HP: 19/19 MP: 2/2
   856 | D:2      | Noticed Jessica
   874 | D:2      | Killed Jessica
   874 | D:2      | Reached skill level 7 in Slings
   874 | D:2      | Reached XP level 3. HP: 13/24 MP: 3/3
  1078 | D:2      | Reached XP level 4. HP: 20/29 MP: 4/4
  1329 | D:2      | Noticed Terence
  1343 | D:2      | HP: 1/29 [Terence/wand of flame (4)]
  1359 | D:2      | Slain by a giant gecko

Skill      XL: |  1  2 |
---------------+-------+-----
Slings         | 6 7 |  7.5
Fighting       | |  1.7
Armour         | |  0.4
Dodging        | |  2.3
Stealth        | |  1.9

Action                   |  1- 3 |  4- 6 || total
-------------------------+-------+-------++-------
 Fire: Hunting sling     |    43 |     7 ||    50
  Use: Potion            |       |     1 ||     1
  Eat: Chunk             |       |     1 ||     1
Armor: Leather armour    |     1 |       ||     1
Dodge: Dodged            |     3 |     8 ||    11
